 Dungeon Crawl Stone Soup version 0.29.0-4-gdea44cf6ec (webtiles) character file.

Game seed: 14360101917303910407

4 qw the Chopper (level 1, 0/12 HPs)
             Began as a Tengu Warper on Aug 29, 2022.
             Slain by a dart slug (1 damage)
             ... on level 1 of the Dungeon.
             The game lasted 00:00:00 (104 turns).

qw the Chopper (Tengu Warper)                        Turns: 104, Time: 00:00:00

Health: 0/12       AC:  3    Str: 11    XL:     1   Next: 70%
Magic:  4/4        EV: 11    Int: 13    God:
Gold:   8          SH:  0    Dex: 13    Spells: 4/4 levels left

rFire   . . .      SeeInvis .   a - +0 hand axe
rCold   . . .      Faith    .   (no shield)
rNeg    . . .      Spirit   .   b - +0 leather armour
rPois   .          Reflect  .   (helmet restricted)
rElec   .          Harm     .   (no cloak)
rCorr   .          Rampage  .   (no gloves)
Will    .....                   (boots unavailable)
Stlth   +.........              (no amulet)
HPRegen 0.04/turn               (no ring)
MPRegen 0.09/turn               (no ring)

@: no status effects
A: beak, talons 3
a: no special abilities


You were on level 1 of the Dungeon.
You visited 1 branch of the dungeon, and saw 1 of its levels.

You collected 8 gold pieces.


Innate Abilities, Weirdness & Mutations

You have a beak for a mouth.
You have claws for feet.


   Skills:
 - Level 2.0 Fighting
 + Level 2.7 Axes
 - Level 1.0 Throwing
 - Level 1.1 Armour
 - Level 2.1 Dodging
 - Level 2.0 Spellcasting
 - Level 2.4 Translocations


You had 4 spell levels left.
You didn't know any spells.
Your spell library contained the following spells:

 Spells                   Type           Power      Damage    Failure   Level
 Blink                    Tloc           14%        N/A       19%         2
 Gell's Gravitas          Tloc           7%         N/A       36%         3
 Lesser Beckoning         Tloc           7%         N/A       36%         3
 Teleport Other           Tloc           7%         N/A       36%         3
 Manifold Assault         Tloc           7%         N/A       98%         5

Inventory:

Hand Weapons
 a - a +0 hand axe (weapon)
Missiles
 d - 6 boomerangs of dispersal (quivered)
Armour
 b - a +0 leather armour (worn)
Scrolls
 c - a scroll of blinking

Dungeon Overview and Level Annotations

Branches:
Dungeon (1/15)

Altars:


Message History

You open the door.
A rat comes into view.
Found 8 gold pieces.
Enter note: Throw: 7 boomerangs (disperse)
Press: ? - help, Q - select action Shift-Dir - straight line, f - rat You throw a boomerang of dispersal.
The boomerang of dispersal hits the rat.
The rat blinks!
You feel a bit more experienced.
There is an open door here.
You now have 8 gold pieces.
You open the door.
A dart slug and 2 hobgoblins come into view.
The hobgoblin shouts!
96 ||| Stepping ~*~*~tactically~*~*~ (hiding).
You hit the hobgoblin.
You kill the hobgoblin!
99 ||| Stepping ~*~*~tactically~*~*~ (stealth).
The hobgoblin shouts!
There is an open door here.
You hit the hobgoblin.
The hobgoblin is lightly wounded.
The hobgoblin hits you.
You hit the hobgoblin.
The hobgoblin is heavily wounded.
You hit the dart slug. The hobgoblin misses you.
The dart slug launches a dart at you. The slug dart hits you.
The hobgoblin closely misses you.
You completely miss the hobgoblin.
You peck the hobgoblin, but do no damage.
The hobgoblin is heavily wounded.
You hit the dart slug.
The dart slug bites you but does no damage.
The hobgoblin barely misses you.
You barely miss the hobgoblin.
The hobgoblin is heavily wounded.
You hit the dart slug. The hobgoblin hits you. The dart slug bites you.
You die...

....... ##
....P~~ #.
..P~~~~ #.
...P~~7
#.######....~77
#......#...~~P7
#......#....P7
#......@g..#
######.....#w..#
#....'.....+...+
#.####.....#...#
#.#
#......+.....
#.#
#......##.#.##
#.# #......#
.#.. #.#
........... ##
#.#.#.######..


You could see a dart slug and a hobgoblin.

Vanquished Creatures
  A dart slug (D:1)
  A hobgoblin (D:1)
  A rat (D:1)
3 creatures vanquished.

Notes
Turn   | Place    | Note
-------+----------+-------------------------------------------
     0 | D:1      | qw the Tengu Warper began the quest for the Orb.
     0 | D:1      | Reached XP level 1. HP: 12/12 MP: 4/4
     0 | D:1      | 0 ||| qw: Version: 0.1-a-89-g26bdef1
     0 | D:1      | 0 ||| qw: Game counter: 3625
     0 | D:1      | 0 ||| qw: Always use a shield: true
     0 | D:1      | 0 ||| qw: God list: Okawaru
     0 | D:1      | 0 ||| qw: Allow faded altars: false
     0 | D:1      | 0 ||| qw: Do Orc after D:15 true
     0 | D:1      | 0 ||| qw: Do second Lair branch before Depths: true
     0 | D:1      | 0 ||| qw: Lair rune preference: random
     0 | D:1      | 0 ||| qw: Plans: Normal
     0 | D:1      | 0 ||| PLANNING D:1-11
    96 | D:1      | 96 ||| Stepping ~*~*~tactically~*~*~ (hiding).
    99 | D:1      | 99 ||| Stepping ~*~*~tactically~*~*~ (stealth).
   102 | D:1      | HP: 3/12 [dart slug/slug dart (5)]
   104 | D:1      | HP: 1/12 [hobgoblin (2)]
   104 | D:1      | Slain by a dart slug

Levels and vault maps discovered:
D:1:      dpeg_arrival_arbitrary_a, layout_basic, minmay_misc_feat_roman,
          st_stairs_1, serial_bayou_pond_c

Action                   || total
-------------------------++-------
Melee: Hand axe          ||     9
       Kick              ||     2
       Peck              ||     1
Throw: Boomerang         ||     1
Armor: Leather armour    ||     2
Dodge: Dodged            ||     6

Table legend:
 A = Non-vault XP
 B = Vault XP
 C = Vault XP percentage of total XP
 D = Non-vault monster count
 E = Vault monster count
 F = Vault count percentage of total count
                 A         B        C        D         E       F
            +---------+---------+-------+---------+---------+-------
      Total |       7 |       0 |   0.0 |       3 |       0 |   0.0
            +---------+---------+-------+---------+---------+-------
        D:1 |       7 |       0 |   0.0 |       3 |       0 |   0.0
            +---------+---------+-------+---------+---------+-------
